 Dungeon Crawl Stone Soup version 0.30-a0-165-g1891117ce2 (webtiles) character file.

Game seed: 13198594246361312967

133 qw the Shield-Bearer (level 5, -7/32 HPs)
             Began as a Gargoyle Fighter on Sept 28, 2022.
             Killed from afar by a centaur (11 damage)
             ... with a puff of flame
             ... on level 4 of the Dungeon.
             The game lasted 00:01:13 (2915 turns).

qw the Shield-Bearer (Gargoyle Fighter)             Turns: 2915, Time: 00:01:14

Health: -7/32      AC: 12    Str: 19 (21) XL:     5   Next: 16%
Magic:  5/5        EV:  7    Int:  7 (9)  God:
Gold:   245        SH:  8    Dex:  9      Spells: 4/4 levels left

rFire   . . .      SeeInvis .    Y - +0 war axe
rCold   . . .      Faith    .    l - +0 kite shield
rNeg    + . .      Spirit   .    b - +0 scale mail
rPois   inf        Reflect  .    (no helmet)
rElec   +          Harm     .    o - +0 cloak
rCorr   .          Rampage  .    (no gloves)
Will    .....                    (no boots)
Stlth   ..........               (no amulet)
HPRegen 0.10/turn                (no ring)
MPRegen 0.09/turn                (no ring)

@: no status effects
A: sickness immunity, AC +4, negative energy resistance 1, electricity
resistance, torment resistance 1, petrification resistance
a: no special abilities


You were on level 4 of the Dungeon.
You visited 1 branch of the dungeon, and saw 4 of its levels.

You collected 245 gold pieces.


Innate Abilities, Weirdness & Mutations

You are immune to sickness and miasma.
Your stone body is resilient. (AC +4)
You are immune to poison.
You resist negative energy. (rN+)
You are resistant to electric shocks. (rElec)
You are resistant to unholy torment.
You are immune to petrification.


   Skills:
 - Level 3.2 Fighting
 - Level 4.0 Axes
 - Level 3.2 Armour
 + Level 4.4 Shields


You had 4 spell levels left.
You didn't know any spells.
Your spell library was empty.

Inventory:

Hand Weapons
 c - a +0 whip
 Y - a +0 war axe (weapon)
Armour
 b - a +0 scale mail (worn)
 l - a +0 kite shield (worn)
 o - a +0 cloak (worn)
Scrolls
 a - a scroll of identify
 j - 2 scrolls of teleportation
Potions
 d - a potion of might
 n - a potion of curing
 p - 2 potions of attraction

Dungeon Overview and Level Annotations

Branches:
Dungeon (4/15)
 Temple: D:4-7

Altars:
Wu Jian

Annotations:
D:1 1 transporter
D:2 1 runed translucent door, Crazy Yiuf


Message History

You hit the gnoll.
The gnoll is severely wounded.
You hit something. You hit the centaur. You miss something.
You hit the hobgoblin.
The centaur hits you but does no damage.
The centaur kicks you. The gnoll hits you with a +0 flail.
The hobgoblin hits you but does no damage.
The gnoll hits you but does no damage.
A hobgoblin comes into view.
Something hits you but does no damage.
You hear some strange, mumbled words.
Something tries to affect you, but you resist.
The centaur completely misses you. You block the centaur's attack.
You completely miss the hobgoblin.
The hobgoblin is almost dead.
You hit the gnoll.
You kill the gnoll!
You barely miss something. x2; You hit the centaur but do no damage.
The centaur hits you but does no damage.
You block the centaur's attack. The gnoll barely misses you.
You block the hobgoblin's attack.
You hear some strange, mumbled words.
Something tries to affect you, but you resist.
Something hits you but does no damage. The centaur misses you.
The centaur barely misses you.
You hear some strange, mumbled words.
A magic dart appears from out of thin air!
The magic dart hits you. The gnoll hits you but does no damage.
Something completely misses you. The hobgoblin barely misses you.
The giant cockroach bites you but does no damage.
You slash the hobgoblin!
You kill the hobgoblin!
You miss something. You closely miss something.
You hit the centaur but do no damage. You hit the giant cockroach.
The centaur zaps a wand.
The puff of flame hits you.
Something hits you but does no damage. x2
The gnoll hits you from afar with a +0 spear!
The giant cockroach barely misses you.
The centaur zaps a wand.
The puff of flame hits you!
You die... {o

#.# #. ..
.....?>..
#.
#.#.#5#.
#....$....
#..#.#.#.
+...g.gg
###..#g#5#
#.....B#c#
#......@.#
#.....%{##
#######.#
#.##
#..####
#.....#
#.##..#
#.# ....#
#.# ...#


You could see a centaur, 3 gnolls, a white imp, a giant cockroach and a
hobgoblin.

Vanquished Creatures
  A gnoll (D:4)
  3 adders
  3 dart slugs
  2 orcs
  5 ball pythons
  8 endoplasms
  7 giant cockroaches
  6 goblins
  11 hobgoblins
  2 jackals (D:1)
  6 kobolds
  3 quokkas
  9 bats
  8 frilled lizards
  6 rats
80 creatures vanquished.

Notes
Turn   | Place    | Note
-------+----------+-------------------------------------------
     0 | D:1      | qw the Gargoyle Fighter began the quest for the Orb.
     0 | D:1      | Reached XP level 1. HP: 14/14 MP: 1/1
     0 | D:1      | 0 ||| qw: Version: 0.2-a-12-gaebbb33
     0 | D:1      | 0 ||| qw: Game counter: 826
     0 | D:1      | 0 ||| qw: Always use a shield: true
     0 | D:1      | 0 ||| qw: God list: Okawaru
     0 | D:1      | 0 ||| qw: Allow faded altars: false
     0 | D:1      | 0 ||| qw: Do Orc after D:15 true
     0 | D:1      | 0 ||| qw: Do second Lair branch before Depths: true
     0 | D:1      | 0 ||| qw: Lair rune preference: random
     0 | D:1      | 0 ||| qw: Plans: Normal, Zot:1-4, God:TSO, Crypt, Tomb,
                  | Pan, Slime:5, Hells, Abyss, Orb
     0 | D:1      | 0 ||| PLANNING D:1-11
    48 | D:1      | 48 ||| Stepping ~*~*~tactically~*~*~ (stealth).
    49 | D:1      | 49 ||| Stepping ~*~*~tactically~*~*~ (stealth).
   158 | D:1      | Reached XP level 2. HP: 15/19 MP: 2/2
   168 | D:1      | 168 ||| Stepping ~*~*~tactically~*~*~ (stealth).
   485 | D:1      | Reached skill level 3 in Axes
   524 | D:1      | Reached XP level 3. HP: 23/23 MP: 3/3
   988 | D:1      | 988 ||| READING scroll labelled JIDALAO VURAE.
   993 | D:1      | 993 ||| READING scroll labelled CUELIR MEYGEX.
  1008 | D:2      | 1008 ||| STAIRDANCE
  1043 | D:2      | 1043 ||| STAIRDANCE
  1331 | D:2      | 1331 ||| Stepping ~*~*~tactically~*~*~ (stealth).
  1387 | D:2      | Found a runed translucent door.
  1388 | D:2      | Noticed Crazy Yiuf
  1456 | D:2      | Reached XP level 4. HP: 28/28 MP: 4/4
  1508 | D:2      | Found a faded altar of an unknown god.
  1719 | D:2      | 1719 ||| Stepping ~*~*~tactically~*~*~ (stealth).
  1889 | D:2      | 1889 ||| UPGRADING to +0 kite shield.
  1899 | D:2      | 1899 ||| DROPPING +0 buckler.
  1900 | D:2      | 1900 ||| UPGRADING to +0 cloak.
  1905 | D:2      | 1905 ||| READING scroll labelled FANIYC XEUKUCA.
  1906 | D:2      | 1906 ||| READING scroll labelled ZARAGI UX IZXE.
  1907 | D:2      | 1907 ||| READING 3 scrolls labelled XIHOSY UBUZA.
  1908 | D:2      | 1908 ||| READING scroll labelled JATOUTH RIFA.
  1909 | D:2      | 1909 ||| DRINKING 2 viscous amethyst potions.
  1910 | D:2      | 1910 ||| DRINKING 2 silvery potions.
  1911 | D:2      | 1911 ||| DROPPING 2 scrolls of magic mapping.
  1912 | D:2      | 1912 ||| DROPPING potion of degeneration.
  2008 | D:3      | 2008 ||| Stepping ~*~*~tactically~*~*~ (stealth).
  2013 | D:3      | 2013 ||| Stepping ~*~*~tactically~*~*~ (stealth).
  2104 | D:3      | Found an ornate altar of the Wu Jian Council.
  2122 | D:3      | 2122 ||| Stepping ~*~*~tactically~*~*~ (stealth).
  2123 | D:3      | 2123 ||| Stepping ~*~*~tactically~*~*~ (stealth).
  2129 | D:3      | 2129 ||| Stepping ~*~*~tactically~*~*~ (stealth).
  2130 | D:3      | 2130 ||| Stepping ~*~*~tactically~*~*~ (stealth).
  2148 | D:3      | 2148 ||| FLEEEEING.
  2311 | D:3      | 2311 ||| DROPPING +0 club.
  2466 | D:3      | 2466 ||| Stepping ~*~*~tactically~*~*~ (stealth).
  2672 | D:3      | Reached XP level 5. HP: 32/32 MP: 5/5
  2772 | D:3      | 2772 ||| DROPPING ring of magical power.
  2773 | D:3      | 2773 ||| READING scroll labelled ATHIURGH YHUU.
  2774 | D:3      | 2774 ||| DRINKING 2 bubbling cyan potions.
  2775 | D:3      | 2775 ||| READING 2 scrolls of identify.
  2775 | D:3      | 2775 ||| IDENTIFYING coppery potion
  2776 | D:3      | 2776 ||| DROPPING potion of brilliance.
  2900 | D:4      | 2900 ||| Stepping ~*~*~tactically~*~*~ (stealth).
  2902 | D:4      | 2902 ||| Stepping ~*~*~tactically~*~*~ (stealth).
  2904 | D:4      | Noticed a centaur
  2907 | D:4      | 2907 ||| Stepping ~*~*~tactically~*~*~ (hiding).
  2908 | D:4      | 2908 ||| Stepping ~*~*~tactically~*~*~ (hiding).
  2915 | D:4      | HP: 4/32 [gnoll/+0 spear (8)]
  2915 | D:4      | Killed from afar by a centaur

Levels and vault maps discovered:
D:1:      spicycebolla_arrival_risky_transporter, layout_basic
D:2:      layout_basic, chequers_ecumenical_altar_simple_redux,
          uniq_crazy_yiuf_cottage
D:3:      layout_basic, nicolae_wu_jian_wuxing_cycle
D:4:      layout_basic, nicolae_dithmenos_the_darkroom,
          lemuel_temple_firewalk_b, st_stairs_11

Skill      XL: |  1  2  3  4 |
---------------+-------------+-----
Axes           | 2 3 4 |  4.0
Shields        | 4 |  4.4
Fighting       | |  3.2
Armour         | |  3.2

Action                   |  1- 3 |  4- 6 || total
-------------------------+-------+-------++-------
Melee: War axe           |   127 |   107 ||   234
  Use: Scroll            |     2 |     6 ||     8
       Potion            |       |     3 ||     3
Armor: Scale mail        |    69 |    65 ||   134
Dodge: Dodged            |    56 |    47 ||   103
Block: Buckler           |    31 |     8 ||    39
       Kite shield       |       |    31 ||    31

Table legend:
 A = Non-vault XP
 B = Vault XP
 C = Vault XP percentage of total XP
 D = Non-vault monster count
 E = Vault monster count
 F = Vault count percentage of total count
                 A         B        C        D         E       F
            +---------+---------+-------+---------+---------+-------
      Total |     190 |       2 |   1.0 |      79 |       1 |   1.2
            +---------+---------+-------+---------+---------+-------
        D:1 |      57 |       0 |   0.0 |      32 |       0 |   0.0
        D:2 |      47 |       0 |   0.0 |      20 |       0 |   0.0
        D:3 |      62 |       0 |   0.0 |      21 |       0 |   0.0
        D:4 |      24 |       2 |   7.7 |       6 |       1 |  14.3
            +---------+---------+-------+---------+---------+-------
